[Event "*** Titled Tuesday Blitz"]
[Site "Chess.com"]
[Date "2020.04.07"]
[Round "9"]
[White "chessdjw"]
[Black "suyu28"]
[Result "1-0"]
[WhiteElo "2649"]
[BlackElo "2506"]
[TimeControl "180+1"]
[EndTime "14:45:24 PDT"]
[Termination "chessdjw won by resignation"]

1. e4 e5 2. Nf3 Nc6 3. d4 exd4 4. Nxd4 Bb4+ 5. c3 Bc5 6. Be3 Bb6 7. Be2 Nf6 8. Nd2 O-O 9. O-O Re8 10. Qc2 d5 11. Nxc6 bxc6 12. Bxb6 axb6 13. Bd3 dxe4 14.
Nxe4 Nd5 15. g3 Bg4 16. Rfe1 Bf3 17. Nd2 Bg4 18. Bxh7+ Kf8 19. Be4 Qg5 20. h4 Qf6 21. a3 Rad8 22. Bg2 Bf5 23. Be4 Bh3 24. Nf3 Kg8 25. Ng5 Bg4 26. Bxd5 Qxg5 27. Bxf7+ Kxf7 28. hxg5 1-0

[Event "*** Titled Tuesday Blitz"]
[Site "Chess.com"]
[Date "2020.04.07"]
[Round "9"]
[White "DrMelekess"]
[Black "Alliswell998"]
[Result "1-0"]
[WhiteElo "2722"]
[BlackElo "2536"]
[TimeControl "180+1"]
[EndTime "14:45:25 PDT"]
[Termination "DrMelekess won by checkmate"]

1. d4 Nf6 2. Nf3 c5 3. d5 g6 4. Nc3 Bg7 5. e4 O-O 6. Be2 d6 7. O-O Bg4 8. Nd2 Bxe2 9. Qxe2 Nbd7 10. a4 Ne8 11. Nc4 Nc7 12. Bf4 Na6 13. Rfd1 Nb4 14. Nb1 Nb6 15. c3 Nxc4 16. Qxc4 Na6 17. Nd2 Qd7 18.
Qe2 Rfe8 19. h4 h5 20. Nc4 Nc7 21. e5 Qf5 22. g3 dxe5 23. Nxe5 Rac8 24. c4 Red8 25.
Ra3 Ne8 26. Rf3 Qh3 27. Bg5 Nf6 28. g4 hxg4 29. Rxh3 gxh3 30. Rd3 Nh5 31. Rxh3 Re8 32. Nxf7 Kxf7 33. Qe6+ Kf8 34. d6 exd6 35. Rf3+ Nf6 36.
Rxf6+ Bxf6 37. Bh6+ Bg7 38. Qf6+ Kg8 39. Qxg7# 1-0

[Event "*** Titled Tuesday Blitz"]
[Site "Chess.com"]
[Date "2020.04.07"]
[Round "9"]
[White "Hangar-18"]
[Black "korbul"]
[Result "0-1"]
[WhiteElo "2384"]
[BlackElo "2573"]
[TimeControl "180+1"]
[EndTime "14:45:29 PDT"]
[Termination "korbul won by checkmate"]

1. c4 e6 2. g3 d5 3. Bg2 Nf6 4. Nf3 Be7 5. O-O O-O 6. d4 c6 7.
Nc3 Nbd7 8. Nd2 b6 9. e4 Bb7 10. e5 Ne8 11. cxd5 exd5 12. f4 f5 13. g4 g6 14. gxf5 Rxf5 15. Bh3 Ng7 16. Bxf5 Nxf5 17. Nf3 Nf8 18. Ne2 c5 19. Ng3 Nxd4 20. Nxd4 cxd4 21. f5 d3 22. Qxd3 Bc5+ 23. Kg2 Qh4 24. h3 d4+ 25.
Kh2 Nd7 26. Bf4 g5 27. Bxg5 Qxg5 28. b4 Nxe5 29. Qb3+ Kh8 30. bxc5 Qd2+ 31. Ne2 Qxe2+ 32. Kg3 Rg8+ 33. Kf4 Qe4# 0-1

[Event "*** Titled Tuesday Blitz"]
[Site "Chess.com"]
[Date "2020.04.07"]
[Round "9"]
[White "gmkomarov"]
[Black "annamaja"]
[Result "1-0"]
[WhiteElo "2534"]
[BlackElo "2293"]
[TimeControl "180+1"]
[EndTime "14:45:29 PDT"]
[Termination "gmkomarov won by checkmate"]

1. d4 Nf6 2. c4 e6 3. Nf3 d5 4.
Nc3 a6 5. cxd5 exd5 6. Bf4 Bd6 7.
e3 Bxf4 8. exf4 O-O 9. Bd3 Nc6 10. Ne5 Nxd4 11. Bxh7+ Kxh7 12. Qxd4 c5 13. Qxc5 Bf5 14. O-O d4 15. Rad1 d3 16. Nxf7 Qd7 17. Nd6 Bg6 18. f5 Bh5 19. Rxd3 b5 20. h3 Ne4 21. Ncxe4 Be2 22. Ng5+ Kg8 23. Qd5+ Kh8 24. Rd4 Bxf1 25. Rh4# 1-0

[Event "*** Titled Tuesday Blitz"]
[Site "Chess.com"]
[Date "2020.04.07"]
[Round "9"]
[White "VALPARAISO37"]
[Black "AsaHoffmann"]
[Result "0-1"]
[WhiteElo "2278"]
[BlackElo "2255"]
[TimeControl "180+1"]
[EndTime "14:45:29 PDT"]
[Termination "AsaHoffmann won by checkmate"]

1. d4 Nf6 2. c4 c5 3. d5 e5 4. Nc3 d6 5. e4 Be7 6. h3 Nbd7 7. Bd3 Nf8 8. h4 h6 9. Nge2 a6 10. f3 Nh5 11. g3 Bd7 12. a4 b6 13. Be3 g5 14. g4 Nf4 15. h5 Rb8 16. Ng3 Nh7 17.
Ra3 Nf6 18. Rg1 Kf8 19. Bf1 Kg7 20. Rh1 Qc7 21. Rh2 Rb7 22. Bxf4 exf4 23. Nf5+ Bxf5 24. exf5 Nd7 25. Ne4 Bf6 26. Bd3 Re8 27. Kf1 Ne5 28. Rc2 a5 29. Rb3 Qd8 30. Rb5 Rbe7 31. Be2 Nxg4 32.
Qd3 Ne3+ 33. Kg1 Nxc2 34. Qxc2 Rxe4 35. fxe4 Bd4+ 36. Kg2 g4 37. Bxg4 Qh4 38. Qe2 Qg3+ 39. Kh1 Qg1# 0-1

[Event "*** Titled Tuesday Blitz"]
[Site "Chess.com"]
[Date "2020.04.07"]
[Round "9"]
[White "Flawless_Fighter"]
[Black "Evgeny81"]
[Result "1-0"]
[WhiteElo "2582"]
[BlackElo "2726"]
[TimeControl "180+1"]
[EndTime "14:45:32 PDT"]
[Termination "Flawless_Fighter won by resignation"]

1. e4 e5 2. Nf3 Nc6 3. Bb5 a6 4. Ba4 Nf6 5. O-O Be7 6. Re1 b5 7. Bb3 d6 8. c3 Na5 9. Bc2 c5 10. d4 Qc7 11. Nbd2 O-O 12. h3 Be6 13. d5 Bd7 14. b3 c4 15. b4 Nb7 16. a4 Rfb8 17.
a5 Ne8 18. Nf1 g6 19. g4 Ng7 20. Be3 Nd8 21. Bb6 Qc8 22. Ng3 f6 23. Qd2 Nf7 24. Kg2 h5 25. Nh4 Kh7 26. gxh5 Bxh3+ 27. Kh2 Nxh5 28. Nxh5 gxh5 29. Rg1 Ng5 30. f4 Bf1 31. Rg3 exf4 32. Qxf4 Bd3 33. Rxg5 1-0

[Event "*** Titled Tuesday Blitz"]
[Site "Chess.com"]
[Date "2020.04.07"]
[Round "9"]
[White "AminMolaei"]
[Black "FeketeBarika"]
[Result "1-0"]
[WhiteElo "2537"]
[BlackElo "2298"]
[TimeControl "180+1"]
[EndTime "14:45:34 PDT"]
[Termination "AminMolaei won by checkmate"]

1. d4 e6 2. c4 Nf6 3. Nc3 d5 4. cxd5 exd5 5. Bg5 c6 6. e3 Be7 7. Bd3 O-O 8. Nge2 Nbd7 9. Qc2 Re8 10. f3 h6 11. Bh4 Nf8 12. Bf2 Bd7 13. O-O Bd6 14. Rad1 Rc8 15. h3 Bb8 16. e4 dxe4 17. fxe4 Nh5 18.
e5 g6 19. Ne4 Nh7 20. g4 Ng7 21. Be3 h5 22. Nf6+ Nxf6 23. Rxf6 hxg4 24. Rdf1 Be6 25.
Nf4 Re7 26. Nxe6 Nxe6 27. Bc4 Nxd4 28. Qxg6+ Kf8 29. Rxf7+ Ke8 30. Rxe7+ Kxe7 31. Qf7# 1-0

[Event "*** Titled Tuesday Blitz"]
[Site "Chess.com"]
[Date "2020.04.07"]
[Round "9"]
[White "hedgehog280"]
[Black "youngKID"]
[Result "1/2-1/2"]
[WhiteElo "2654"]
[BlackElo "2820"]
[TimeControl "180+1"]
[EndTime "14:45:36 PDT"]
[Termination "Game drawn by agreement"]

1. c4 Nf6 2. g3 c5 3. Bg2 g6 4.
Nf3 Nc6 5. O-O Bg7 6. Nc3 h5 7. h4 O-O 8. d4 cxd4 9. Nxd4 d6 10. Nxc6 bxc6 11. b3 Bd7 12. Bb2 Rc8 13. Qd2 Qa5 14.
Rad1 Rfe8 15. Rfe1 c5 16. e4 Ng4 17. Nd5 Qxd2 18.
Rxd2 Bxb2 19. Rxb2 Bc6 20. Bh3 Kg7 21. Kg2 Rb8 22.
Bxg4 hxg4 23. Rbb1 a5 24. Nc3 e6 25. f3 gxf3+ 26. Kxf3 Kf6 27. g4 Rh8 28. Kg3 Ke5 29. Nd5 a4 30. b4 cxb4 31. Nxb4 Ba8 32. Nd3+ Kd4 33. Rbd1 Kxc4 34. e5 d5 35. Re2 1/2-1/2

[Event "*** Titled Tuesday Blitz"]
[Site "Chess.com"]
[Date "2020.04.07"]
[Round "9"]
[White "GHANDEEVAM2003"]
[Black "IMTominho"]
[Result "0-1"]
[WhiteElo "2958"]
[BlackElo "2844"]
[TimeControl "180+1"]
[EndTime "14:45:37 PDT"]
[Termination "IMTominho won by resignation"]

1. e4 c5 2. Nf3 e6 3. d4 cxd4 4.
Nxd4 a6 5. Bd3 Nf6 6. O-O d6 7. c4 b6 8. Nc3 Bb7 9. Be3 Nbd7 10. f3 Be7 11. Qd2 O-O 12. Rfd1 Rc8 13. b3 Re8 14. Rac1 Qc7 15. Kh1 Qb8 16. Bf1 Ba8 17. g4 h6 18.
Bg2 Nf8 19. h4 Ng6 20. Qf2 d5 21. exd5 exd5 22. Nf5 dxc4 23. Bxb6 Ba3 24. Rb1 Nf4 25. Bd4 Nxg2 26. Qxg2 Qf4 27. Rf1 Nxg4 28. Nxg7 Qxd4 29. Nxe8 Rxe8 30. Rbe1 Rxe1 31. Rxe1 Kf8 32. Ne4 Bxe4 33. Qxg4 Bxf3+ 34. Qxf3 Qxh4+ 35. Kg2 Qxe1 36. Qa8+ Kg7 0-1

[Event "*** Titled Tuesday Blitz"]
[Site "Chess.com"]
[Date "2020.04.07"]
[Round "9"]
[White "SPEEDSKATER"]
[Black "nabukatnezarr"]
[Result "0-1"]
[WhiteElo "2767"]
[BlackElo "2584"]
[TimeControl "180+1"]
[EndTime "14:45:40 PDT"]
[Termination "nabukatnezarr won on time"]

1. d4 Nf6 2. c4 e6 3. Nf3 c5 4. d5 exd5 5. cxd5 d6 6. Nc3 g6 7.
Bf4 a6 8. a4 Bg7 9. h3 O-O 10.
e3 Ne8 11. Be2 Nd7 12. O-O Ne5 13. Nd2 f5 14. Bh2 Bd7 15. Kh1 Rb8 16. a5 Nc7 17. f4 Nf7 18. e4 Nb5 19. Nxb5 Bxb5 20. Bxb5 axb5 21. Qb3 Qd7 22. a6 bxa6 23. Rxa6 Ra8 24.
Rfa1 Rxa6 25. Rxa6 fxe4 26. Nxe4 Re8 27. Qc2 Qf5 0-1

[Event "*** Titled Tuesday Blitz"]
[Site "Chess.com"]
[Date "2020.04.07"]
[Round "9"]
[White "Resignify"]
[Black "JacekDubiel"]
[Result "0-1"]
[WhiteElo "2217"]
[BlackElo "2398"]
[TimeControl "180+1"]
[EndTime "14:45:40 PDT"]
[Termination "JacekDubiel won by resignation"]

1. e4 c5 2. Nc3 Nc6 3. g3 g6 4. Bg2 Bg7 5. d3 d6 6. f4 Rb8 7. Nf3 b5 8. Nd2 e5 9. f5 gxf5 10. exf5 Nd4 11. O-O Bxf5 12. Nde4 Bg6 13. Nd5 Ne6 14.
a4 b4 15. c3 f5 16. Nd2 bxc3 17. bxc3 Ne7 18. Nc4 O-O 19. a5 Kh8 20. Be3 Nxd5 21.
Bxd5 Nc7 22. Qf3 e4 23. dxe4 fxe4 24. Qd1 Rxf1+ 25. Kxf1 Nxd5 26. Qxd5 Bf7 27. Qxd6 Bxc4+ 0-1

[Event "*** Titled Tuesday Blitz"]
[Site "Chess.com"]
[Date "2020.04.07"]
[Round "9"]
[White "Eltaj_Safarli"]
[Black "Khamrakulov_Djurabek"]
[Result "1-0"]
[WhiteElo "3060"]
[BlackElo "2899"]
[TimeControl "180+1"]
[EndTime "14:45:41 PDT"]
[Termination "Eltaj_Safarli won by resignation"]

1. e4 c6 2. d4 d5 3. exd5 cxd5 4. c4 Nf6 5. Nc3 e6 6. Nf3 Bb4 7.
cxd5 Nxd5 8. Bd2 Nc6 9. Bd3 Be7 10. O-O O-O 11. Re1 Nf6 12. Bg5 b6 13. Rc1 Bb7 14. Bb1 Rc8 15. a3 Qd6 16. Qd3 g6 17. h4 Rfd8 18.
Rcd1 Nh5 19. Ba2 Bxg5 20. hxg5 Ne7 21. Ne5 Nf4 22. Qg3 Nxg2 23. Ne4 Bxe4 24. Rxe4 Rc2 25. Kxg2 Rxb2 26. Qf3 Nf5 27. Nxf7 Kxf7 28. Bxe6+ Kg7 29.
Bxf5 gxf5 30. Re5 Rf8 31. Rh1 Rf7 32. Rxf5 Rxf5 33. Qxf5 Qc6+ 34. d5 Qg6 35. Qe5+ Kf7 36. Qxb2 1-0

[Event "*** Titled Tuesday Blitz"]
[Site "Chess.com"]
[Date "2020.04.07"]
[Round "9"]
[White "Euwe1234"]
[Black "ruslansezdbekov"]
[Result "0-1"]
[WhiteElo "2189"]
[BlackElo "2588"]
[TimeControl "180+1"]
[EndTime "14:45:42 PDT"]
[Termination "ruslansezdbekov won by resignation"]

1. e4 e5 2. Nf3 Nc6 3. Bc4 Nf6 4.
O-O Nxe4 5. d4 d5 6. Bb5 exd4 7. Nxd4 Bd7 8. c4 Bc5 9. Bxc6 bxc6 10. Nc3 O-O 11.
Nxe4 dxe4 12. Be3 Qe7 13. Qh5 Bd6 14. Rad1 Rab8 15. b3 f5 16. Bg5 Qe5 17. f4 Qa5 18. Qe2 c5 19. Nc2 Qxa2 20. Be7 Bxe7 21. Rxd7 Bd6 22. Qf2 Rxb3 23. Kh1 Rb2 24. Qg3 Rf7 25. Rxf7 Kxf7 26. Ne3 Rb1 27. Qg5 Rxf1+ 28. Nxf1 g6 29.
Qh6 Kg8 30. Qg5 Qf2 0-1

[Event "*** Titled Tuesday Blitz"]
[Site "Chess.com"]
[Date "2020.04.07"]
[Round "9"]
[White "mamonika"]
[Black "Budisavljevic"]
[Result "1-0"]
[WhiteElo "1966"]
[BlackElo "2351"]
[TimeControl "180+1"]
[EndTime "14:45:43 PDT"]
[Termination "mamonika won by checkmate"]

1. d4 Nf6 2. c4 a6 3. Nc3 c5 4. Nf3 cxd4 5. Nxd4 Qc7 6. g3 Qxc4 7. Bg2 e6 8. O-O Qc7 9. Bf4 Qd8 10. Rc1 Be7 11. Ncb5 O-O 12. Bc7 Qe8 13. Nd6 Bxd6 14. Bxd6 Nc6 15.
Nxc6 dxc6 16. Qb3 Nd5 17. Rfd1 b5 18. Bxf8 Kxf8 19. e4 Nb6 20. Qb4+ Kg8 21. Qc5 Na4 22. Qxc6 Qxc6 23. Rd8+ Qe8 24. Rxe8# 1-0

[Event "*** Titled Tuesday Blitz"]
[Site "Chess.com"]
[Date "2020.04.07"]
[Round "9"]
[White "pedromartinez91"]
[Black "tonyq11"]
[Result "1-0"]
[WhiteElo "2485"]
[BlackElo "2273"]
[TimeControl "180+1"]
[EndTime "14:45:46 PDT"]
[Termination "pedromartinez91 won by resignation"]

1. e4 c5 2. Nc3 e6 3. f4 d5 4.
Nf3 Nc6 5. Bb5 Bd7 6. d3 a6 7.
Bxc6 Bxc6 8. Ne5 Nf6 9. Nxc6 bxc6 10. Qf3 Be7 11. O-O O-O 12. Kh1 Rb8 13. e5 Nd7 14. b3 Qc7 15. Bd2 Rb7 16. Na4 Rfb8 17. c4 Rf8 18. Rae1 Re8 19. f5 Nxe5 20. Qg3 Bd6 21.
Bf4 f6 22. fxe6 Rxe6 23. Bxe5 Bxe5 24. Qh3 Qe7 25. Nxc5 Qxc5 26. Qxe6+ Kh8 27. Qe8+ 1-0

[Event "*** Titled Tuesday Blitz"]
[Site "Chess.com"]
[Date "2020.04.07"]
[Round "9"]
[White "1977Ivan"]
[Black "Alexander_Donchenko"]
[Result "0-1"]
[WhiteElo "2716"]
[BlackElo "2860"]
[TimeControl "180+1"]
[EndTime "14:45:47 PDT"]
[Termination "Alexander_Donchenko won by resignation"]

1. c4 e5 2. Nc3 Bb4 3. Nd5 a5 4. Nf3 d6 5. g3 Ne7 6. Bg2 Nxd5 7. cxd5 Bc5 8. O-O Qf6 9. d3 O-O 10. Nd2 Qe7 11. Nc4 Nd7 12. Bd2 a4 13. b4 axb3 14. axb3 Rxa1 15. Qxa1 f5 16. b4 Bd4 17. Qa5 Nb6 18.
Na3 e4 19. Nb5 Bf6 20. Rc1 Nxd5 21. Nxc7 Nxc7 22. Rxc7 Qe6 23. Qb6 Bd8 24. Bc3 Rf7 25.
Rxc8 Qxc8 26. Qxd6 Be7 27. Qd5 Qxc3 28. dxe4 Qe1+ 29. Bf1 fxe4 0-1

[Event "*** Titled Tuesday Blitz"]
[Site "Chess.com"]
[Date "2020.04.07"]
[Round "9"]
[White "freshfoodcompany"]
[Black "Grandmasta23"]
[Result "1-0"]
[WhiteElo "2244"]
[BlackElo "2285"]
[TimeControl "180+1"]
[EndTime "14:45:50 PDT"]
[Termination "freshfoodcompany won by checkmate"]

1. d4 Nf6 2. c4 g6 3. Nc3 Bg7 4. e4 d6 5. Nf3 O-O 6. Be2 e5 7. d5 a5 8. Bg5 Na6 9. Nd2 Nc5 10. O-O h6 11. Be3 Nfd7 12. b3 f5 13. f3 f4 14. Bf2 g5 15. a3 Nf6 16. b4 Ncd7 17. Rb1 h5 18. c5 Qe7 19. Qb3 g4 20. c6 Nb6 21. bxa5 Rxa5 22. Bxb6 cxb6 23. Nc4 bxc6 24.
Nxa5 bxa5 25. dxc6+ Be6 26. Bc4 d5 27. Nxd5 Qc5+ 28. Kh1 Bxd5 29. Bxd5+ Kh8 30. Rbc1 Qa7 31. c7 gxf3 32. Rxf3 Ng4 33. c8=Q Nf2+ 34. Rxf2 Qxf2 35.
Qch3 Qd2 36. Qxh5+ Bh6 37. Qxh6# 1-0

[Event "*** Titled Tuesday Blitz"]
[Site "Chess.com"]
[Date "2020.04.07"]
[Round "9"]
[White "mc4chess"]
[Black "Cukiero"]
[Result "0-1"]
[WhiteElo "2384"]
[BlackElo "2519"]
[TimeControl "180+1"]
[EndTime "14:45:51 PDT"]
[Termination "Cukiero won by checkmate"]

1. c4 Nf6 2. Nc3 g6 3. g3 Bg7 4.
Bg2 O-O 5. Nf3 c6 6. O-O e6 7. d4 d5 8. cxd5 exd5 9. Bf4 Re8 10.
Re1 Nbd7 11. Ne5 Nh5 12. Nxd7 Nxf4 13. gxf4 Bxd7 14. e3 Bf5 15. Qb3 Qd7 16. Kh1 a5 17. Na4 Rad8 18. Qb6 Qe7 19. Nc5 Bxd4 20. exd4 Qxe1+ 21.
Rxe1 Rxe1+ 22. Bf1 Rde8 23. Kg2 Rxf1 24. Qxb7 Ree1 25.
h3 Rg1+ 26. Kf3 Be4+ 27. Nxe4 dxe4# 0-1

[Event "*** Titled Tuesday Blitz"]
[Site "Chess.com"]
[Date "2020.04.07"]
[Round "9"]
[White "SanchezKelvin"]
[Black "IljaJoke"]
[Result "0-1"]
[WhiteElo "2323"]
[BlackElo "2488"]
[TimeControl "180+1"]
[EndTime "14:45:53 PDT"]
[Termination "IljaJoke won by resignation"]

1. d4 Nf6 2. c4 c5 3. d5 g6 4. Nc3 Bg7 5. e4 d6 6. Bd3 O-O 7. Nf3 e6 8. O-O e5 9. Rb1 Nbd7 10. a3 h6 11. b4 b6 12. Be3 Nh7 13.
Qd2 f5 14. Bxh6 f4 15. Bxg7 Kxg7 16. Qe2 Ndf6 17. Nd2 g5 18. bxc5 bxc5 19. f3 Rh8 20. Rb3 Nf8 21. Rfb1 g4 22. fxg4 Bxg4 23. Rb7+ Kg6 24.
Nf3 N8h7 25. Qf2 Bxf3 26. gxf3 Ng5 27. Kf1 Rh3 28. Be2 Qh8 29. Kg1 Rxf3 30. Qg2 Rxc3 31. Bg4 Qh4 32. Bf5+ Kh6 33. Kh1 Rg3 34. Qf2 Ngxe4 35.
Bxe4 Nxe4 36. Qc2 f3 37. Qc1+ Rg5 38. Qe3 0-1

[Event "*** Titled Tuesday Blitz"]
[Site "Chess.com"]
[Date "2020.04.07"]
[Round "9"]
[White "jamengrand"]
[Black "JulAnt"]
[Result "0-1"]
[WhiteElo "2182"]
[BlackElo "2420"]
[TimeControl "180+1"]
[EndTime "14:45:53 PDT"]
[Termination "JulAnt won by resignation"]

1. d4 Nf6 2. Bg5 e6 3. e4 h6 4. Bxf6 Qxf6 5. c3 c5 6. d5 exd5 7. exd5 Bd6 8. g3 O-O 9. Bg2 b5 10. Ne2 Bb7 11. O-O a5 12. a4 b4 13. Nd2 Na6 14.
Ne4 Qe7 15. Nxd6 Qxd6 16. c4 Nc7 17. Qd2 Rae8 18. Rae1 Qf6 19. Nc1 d6 20. Nb3 Ra8 21. Re3 Bc8 22. h4 Bd7 23. Rfe1 Bxa4 24. Nxc5 dxc5 25.
d6 Ne6 26. Bxa8 Rxa8 27. Qd5 Rd8 28. Rxe6 fxe6 29. Rxe6 Qf7 30. f4 Bd7 31. f5 a4 32.
Qe5 a3 33. bxa3 bxa3 34. g4 a2 35. g5 Bxe6 36. fxe6 a1=Q+ 0-1

[Event "*** Titled Tuesday Blitz"]
[Site "Chess.com"]
[Date "2020.04.07"]
[Round "9"]
[White "Manukyan_Artak"]
[Black "Teidi96"]
[Result "1/2-1/2"]
[WhiteElo "2398"]
[BlackElo "2234"]
[TimeControl "180+1"]
[EndTime "14:45:53 PDT"]
[Termination "Game drawn by repetition"]

1. e4 c5 2. Nf3 e6 3. c3 Nf6 4. e5 Nd5 5. d4 cxd4 6. cxd4 d6 7.
Nc3 Nxc3 8. bxc3 Qc7 9. Bd2 Nd7 10. Bb5 a6 11. Bxd7+ Bxd7 12. O-O d5 13. a4 Be7 14. Qb3 b5 15. axb5 Bxb5 16. Rfc1 O-O 17. Bg5 Bxg5 18. Nxg5 h6 19. Nf3 Rab8 20. Qa3 Rfc8 21. Nd2 Rb6 22. Nb3 Rc6 23. Nc5 Rxc5 24. dxc5 Qxe5 25. Qb4 Qc7 26. g3 Qxc5 27. Qxc5 Rxc5 28. f4 Kf8 29. Kf2 Ke7 30.
Ke3 Kd6 31. Rab1 a5 32. Kd2 f6 33. Rb2 a4 34. Rcb1 Kc6 35. Re1 Kd6 36. Reb1 Kc6 37. Re1 Kd7 38. Reb1 Kc6 1/2-1/2

[Event "*** Titled Tuesday Blitz"]
[Site "Chess.com"]
[Date "2020.04.07"]
[Round "9"]
[White "Chessmatus"]
[Black "TST2014"]
[Result "0-1"]
[WhiteElo "2376"]
[BlackElo "2516"]
[TimeControl "180+1"]
[EndTime "14:45:54 PDT"]
[Termination "TST2014 won by resignation"]

1. d4 Nf6 2. c4 c5 3. d5 b5 4. cxb5 a6 5. bxa6 Bxa6 6. Nc3 g6 7. e4 Bxf1 8. Kxf1 d6 9. Nf3 Bg7 10. g3 O-O 11. Kg2 Nbd7 12. a4 Qb6 13. Qc2 Rfb8 14.
Ra3 Ne8 15. b3 Qb4 16. Nb1 c4 17. Nbd2 c3 18. Nb1 Nc5 19. Be3 Nxb3 20. Ra2 Nf6 21. Qxc3 Nxe4 22. Qxb4 Rxb4 23. Nbd2 Nbxd2 24. Nxd2 Nc3 25.
Rc2 Nxd5 26. Ra1 Nxe3+ 27. fxe3 Bxa1 0-1

[Event "*** Titled Tuesday Blitz"]
[Site "Chess.com"]
[Date "2020.04.07"]
[Round "9"]
[White "MrrRefrao"]
[Black "Misticpikachu"]
[Result "0-1"]
[WhiteElo "2398"]
[BlackElo "2247"]
[TimeControl "180+1"]
[EndTime "14:45:54 PDT"]
[Termination "Misticpikachu won by resignation"]

1. e4 c5 2. Nf3 Nc6 3. d4 cxd4 4. Nxd4 Nf6 5. Nc3 e6 6. Ndb5 Bb4 7. a3 Bxc3+ 8. Nxc3 d5 9. exd5 exd5 10. Bd3 O-O 11. O-O d4 12. Ne2 Bg4 13. Re1 Re8 14. Bg5 Qd6 15. f3 Bh5 16. Nf4 Bg6 17. Nxg6 hxg6 18.
Qd2 Rxe1+ 19. Rxe1 Re8 20. Rxe8+ Nxe8 21. Qf2 Nf6 22.
Qh4 Qe5 23. Bd2 Ne7 24. Qf4 Qxf4 25. Bxf4 Nfd5 26. Bd6 Nc6 27. Be4 Ne3 28. Bc5 f5 29.
Bxc6 bxc6 30. Bxd4 Nxc2 31. Bxa7 Kf7 32. Kf1 Ke6 33.
Ke2 Kd5 34. Kd2 Na1 35. Kc3 c5 36. Bb8 c4 37. a4 Nb3 38. Bc7 Nd4 39. a5 Nb5+ 40.
Kb4 Nxc7 0-1

[Event "*** Titled Tuesday Blitz"]
[Site "Chess.com"]
[Date "2020.04.07"]
[Round "9"]
[White "DerKnipser"]
[Black "skoularikii"]
[Result "0-1"]
[WhiteElo "2308"]
[BlackElo "2468"]
[TimeControl "180+1"]
[EndTime "14:45:57 PDT"]
[Termination "skoularikii won by resignation"]

1. e4 e5 2. Nc3 Nc6 3. f4 d6 4.
Nf3 exf4 5. Bc4 Be7 6. O-O Nf6 7. d4 O-O 8. Bxf4 Nh5 9. Be3 Na5 10. Bd3 g6 11.
Nd5 Be6 12. Nxe7+ Qxe7 13. Qc1 c5 14. c3 Rac8 15. Ng5 Nc4 16. Nxe6 Nxe3 17. Nxf8 Qg5 18. Rf2 cxd4 19. Nd7 Nf4 20. Kh1 Nxd3 21. Nf6+ Kg7 22.
Qd2 Nxf2+ 23. Qxf2 Qxf6 24. Qe2 dxc3 25. Qxe3 cxb2 26.
Rb1 Qc3 27. Qg1 Qc1 28. h3 Qxb1 29. Qxb1 Rc1+ 0-1

[Event "*** Titled Tuesday Blitz"]
[Site "Chess.com"]
[Date "2020.04.07"]
[Round "9"]
[White "AliKa2810"]
[Black "plumalka"]
[Result "1-0"]
[WhiteElo "2617"]
[BlackElo "2416"]
[TimeControl "180+1"]
[EndTime "14:45:58 PDT"]
[Termination "AliKa2810 won by resignation"]

1. d4 Nf6 2. Bg5 Ne4 3. Bf4 c5 4. f3 Qa5+ 5. c3 Nf6 6. d5 d6 7.
e4 g6 8. Na3 Bg7 9. Nc4 Qd8 10.
a4 O-O 11. Bd3 b6 12. Ne2 Nh5 13. Bg5 h6 14. Be3 e5 15. Qd2 Kh7 16. g4 Nf6 17.
h4 Ng8 18. h5 g5 19. Ng3 a6 20.
Kf2 Nd7 21. b4 Ndf6 22. bxc5 bxc5 23. Kg2 a5 24. Rab1 Bd7 25. Nxd6 Bxa4 26. Ndf5 Ne8 27. Bxc5 Rb8 28. Rxb8 Qxb8 29. Nxg7 Kxg7 30. Nf5+ Kh7 31. Bxf8 Nef6 32. Bxh6 Nxh6 33. Qxg5 Qb2+ 34. Kg3 Nxf5+ 35. Qxf5+ Kg8 36. Qxf6 Qb6 37. Qxb6 1-0

[Event "*** Titled Tuesday Blitz"]
[Site "Chess.com"]
[Date "2020.04.07"]
[Round "9"]
[White "david_gomez"]
[Black "DejanNestor64"]
[Result "1/2-1/2"]
[WhiteElo "2437"]
[BlackElo "2454"]
[TimeControl "180+1"]
[EndTime "14:45:58 PDT"]
[Termination "Game drawn by repetition"]

1. e4 c5 2. Nc3 e6 3. g3 Nc6 4.
Bg2 d6 5. d3 Nf6 6. f4 Be7 7.
Nf3 O-O 8. O-O Nd4 9. Be3 Nxf3+ 10. Qxf3 Bd7 11. h3 Bc6 12. Qf2 b6 13. g4 d5 14. e5 Nd7 15. Ne2 Qc7 16. c3 f6 17.
d4 Bb5 18. Qe1 cxd4 19. Nxd4 Bxf1 20. Nxe6 Qc6 21. Nxf8 Bxg2 22. Nxd7 Be4 23. exf6 gxf6 24. Nxf6+ Bxf6 25. Qg3 Re8 26. f5 d4 27. Bxd4 Bxd4+ 28. cxd4 Qc4 29. Qe3 Bc6 30. Qg5+ Kf7 31. Qh5+ Kg7 32.
Qg5+ Kf8 33. Qf6+ Kg8 34. Qg5+ Kf7 35. Qh5+ Kf8 36. Qh6+ Kg8 37. Qg5+ 1/2-1/2

[Event "*** Titled Tuesday Blitz"]
[Site "Chess.com"]
[Date "2020.04.07"]
[Round "9"]
[White "MalyDominator"]
[Black "ShahMatKanal"]
[Result "0-1"]
[WhiteElo "2245"]
[BlackElo "2545"]
[TimeControl "180+1"]
[EndTime "14:45:58 PDT"]
[Termination "ShahMatKanal won by resignation"]

1. e4 d5 2. exd5 Qxd5 3. Nc3 Qd6 4. d4 Nf6 5. Nf3 c6 6. Ne5 Nbd7 7. Nc4 Qc7 8. a4 Nb6 9. a5 Nxc4 10. Bxc4 Bg4 11. f3 Bf5 12. O-O e6 13. Bg5 Be7 14. Qd2 O-O 15.
a6 b6 16. Rfe1 Rad8 17. Qf2 Bg6 18. Rad1 Ng4 19. Qh4 Bxg5 20. Qxg4 Bf6 21. h4 Bxc2 22.
Rd2 Bf5 23. Qh5 Qg3 24. Red1 Bxh4 25. Ne4 g6 26. Qh6 Bxe4 27. fxe4 Bg5 0-1

[Event "*** Titled Tuesday Blitz"]
[Site "Chess.com"]
[Date "2020.04.07"]
[Round "9"]
[White "ersekitamara"]
[Black "Sjakkerntobi"]
[Result "0-1"]
[WhiteElo "1942"]
[BlackElo "2273"]
[TimeControl "180+1"]
[EndTime "14:45:59 PDT"]
[Termination "Sjakkerntobi won by checkmate"]

1. d4 d5 2. Bf4 Nf6 3. Nf3 c5 4. e3 Nc6 5. c3 e6 6. Bd3 Bd6 7. Bg3 O-O 8. Ne5 Ne7 9. f4 b6 10. O-O Bb7 11. Nd2 Nf5 12. Bf2 Be7 13. Qf3 Nd6 14. g4 Nfe4 15. Bxe4 dxe4 16. Qg3 Ba6 17. Rfe1 Qc8 18. h4 f6 19. dxc5 bxc5 20. g5 fxe5 21.
fxe5 Nf5 22. Qg4 Rb8 23. b3 c4 24. Nxe4 cxb3 25. axb3 Bb7 26. Rxa7 Qc6 27. Ra4 Ra8 28. Rc4 Qd5 29. Rd1 Qb5 30. Rc7 Qxb3 31. Rdd7 Ra1+ 32. Kh2 Qb1 33. Ng3 Qh1+ 34. Nxh1 Rxh1# 0-1

[Event "*** Titled Tuesday Blitz"]
[Site "Chess.com"]
[Date "2020.04.07"]
[Round "9"]
[White "Sneakiest_Of_Snakes"]
[Black "j2806"]
[Result "1-0"]
[WhiteElo "2112"]
[BlackElo "2000"]
[TimeControl "180+1"]
[EndTime "14:45:59 PDT"]
[Termination "Sneakiest_Of_Snakes won by checkmate"]

1. e4 c5 2. Nf3 d6 3. d4 cxd4 4. Nxd4 Nf6 5. Nc3 a6 6. Bg5 e5 7. Nf5 Bxf5 8. Bxf6 Qxf6 9. Nd5 Qd8 10. exf5 Nd7 11. Bc4 Nf6 12. O-O b5 13. Bb3 Be7 14. Re1 O-O 15. Qd3 Nxd5 16. Qxd5 Qc7 17. Rad1 Rac8 18.
Rd3 Qc6 19. Red1 a5 20. c3 Qc5 21. Qe4 b4 22. Rh3 Bf6 23. Qg4 bxc3 24. Rxc3 Qb6 25.
Rh3 Rc6 26. Qh5 h6 27. Rg3 Kh8 28. Bxf7 Rfc8 29. Rg6 Qd8 30. Rxh6+ gxh6 31. Qxh6# 1-0

[Event "*** Titled Tuesday Blitz"]
[Site "Chess.com"]
[Date "2020.04.07"]
[Round "9"]
[White "Shtembuliak"]
[Black "GeorgMeier"]
[Result "0-1"]
[WhiteElo "2858"]
[BlackElo "3012"]
[TimeControl "180+1"]
[EndTime "14:46:03 PDT"]
[Termination "GeorgMeier won by resignation"]

1. c4 b6 2. d4 e6 3. e4 Bb4+ 4. Bd2 Bxd2+ 5. Qxd2 d5 6. cxd5 exd5 7. exd5 Ne7 8. Bb5+ Nd7 9. Nc3 O-O 10. Nge2 Bb7 11.
O-O Nf6 12. Bd3 Nexd5 13. Rfe1 Re8 14. Ng3 Qd6 15. Bb5 Rxe1+ 16. Rxe1 g6 17. Nge4 Nxe4 18.
Nxe4 Qf4 19. Qxf4 Nxf4 20. Nf6+ Kg7 21. Ne8+ Kf8 22. Nxc7 Rc8 23. Rc1 Rd8 24. d5 Nxd5 25. Rd1 Ke7 26. Nxd5+ Bxd5 27. Rxd5 Rxd5 0-1